 Dungeon Sprint DCSS version 0.21.1-1-g345015f (webtiles) character file.

9100000 Fang the Axe Maniac (level 27, -42/273 HPs)
             Began as a Minotaur Gladiator on May 21, 2018.
             Was the Champion of Makhleb.
             Killed from afar by an observer (49 damage)
             ... with a bolt of fire
             ... in the Dungeon (Sprint VIII: "Arena of Blood").
             The game lasted 00:01:40 (91 turns).

Fang the Axe Maniac (Minotaur Gladiator)              Turns: 91, Time: 00:01:41

Health: -42/273    AC:  6    Str: 29    XL:     27
Magic:  32/53      EV: 32    Int:  5    God:    Makhleb [******]
Gold:   0          SH:  0    Dex: 15    Spells: 80/80 levels left

rFire    . . .     SeeInvis .   l - +∞ Axe of Woe
rCold    . . .     Gourm    .   (shield currently unavailable)
rNeg     . . .     Faith    .   b - +0 leather armour
rPois    .         Spirit   .   c - +0 hat
rElec    .         Reflect  .   (no cloak)
rCorr    .         Harm     .   (no gloves)
MR       ++...     NoTele   +   (no boots)
Stlth    +++++++++.             (no amulet)
HPRegen  0.55/turn              m - +30 ring of slaying
MPRegen  0.33/turn              n - +30 ring of slaying

@: no status effects
A: retaliatory headbutt, horns 2
a: Minor Destruction, Lesser Servant of Makhleb, Major Destruction, Greater
Servant of Makhleb, Renounce Religion


You were in the Dungeon.
You worshipped Makhleb.
Makhleb was exalted by your worship.
You were not hungry.

You visited 1 branch

Inventory:

Hand Weapons
 a - a +0 war axe
 l - the +∞ Axe of Woe (weapon)
   (You found it in the Dungeon)
Missiles
 d - 3 throwing nets (quivered)
Armour
 b - a +0 leather armour (worn)
 c - a +0 hat (worn)
Jewellery
 m - a +30 ring of slaying (left hand)
 n - a +30 ring of slaying (right hand)
Scrolls
 k - a scroll of blinking
Potions
 e - a potion of curing
 g - a potion of heal wounds
 h - a potion of haste
 i - 2 potions of magic
 j - a potion of berserk rage
Comestibles
 f - a ration


   Skills:
 O Level 27 Fighting
 O Level 27 Axes
 O Level 27 Throwing
 O Level 27 Armour
 O Level 27 Dodging
 O Level 27 Stealth
 O Level 27 Unarmed Combat
 O Level 27 Spellcasting
 O Level 27 Invocations


You had 80 spell levels left.
You didn't know any spells.

Dungeon Overview and Level Annotations

Branches:
Dungeon (1/1)

Altars:
Makhleb


Innate Abilities, Weirdness & Mutations

You reflexively headbutt those who attack you in melee.
You have a pair of horns on your head.


Message History

The bag of meat is engulfed in blazing flames.
You hear a shout! x2
An orc, an ogre, a two-headed ogre and a vampire knight come into view.
The destroyer is wielding a +9 great sword of slicing.
An orc and an ogre come into view.
You hear a shout! x10
The accursed is engulfed in blazing flames.
The sculptor of flesh hits you with a +9 great sword!!!!!
Ouch! That really hurt!
* * * LOW HITPOINT WARNING * * *
You hear a shout! x7
An orc, an ogre and a hell beast come into view.
Unknown command.
You are too injured to fight recklessly!
Unknown command.
You hear a shout! x2; You feel something staring at you.
A bolt of fire appears from out of thin air!
Deactivating autopickup; reactivate with Ctrl-A.
The bolt of fire hits you!
You die... .. oV ..o.....O #.V. ...# #... #ooo

...# O ..o.###zV.
...###..
.....O.W.###.%o.O.
.#...oMV§o_...o...
.......#oM))O#
.......#§§§.@#
.......#§§§.z#...
.#....)§§)_......
..O....){###......
.o..###))§..V.###..
... #..M....# 2 .
#..V%...# .%%.%...o
..........


You could see 2 accurseds, 2 destroyers, 2 sculptors of flesh, a dread, 3 meat
berserkers and 5 bags of meat.

Vanquished Creatures
  5 hell beasts (D)
  3 greater mummies (D)
  A wraith (D)
  Harold (D)
  9 vampire knights (D)
  28 ogres (D)
  6 two-headed ogres (D)
  3 liches (D)
  27 orcs (D)
  2 phantoms (D)
  3 skeletal warriors (D)
  2 large abominations (D)
  8 small abominations (D)
  17 crawling corpses (D)
115 creatures vanquished.

Vanquished Creatures (others)
  2 crawling corpses (D)
2 creatures vanquished.

Grand Total: 117 creatures vanquished

Notes
Turn   | Place    | Note
-------+----------+-------------------------------------------
     0 | D        | Found the +∞ Axe of Woe
     0 | D        | Fang the Minotaur Gladiator began the quest for the Orb.
     0 | D        | Reached XP level 1. HP: 18/18 MP: 0/0
     4 | D        | Became a worshipper of Makhleb the Destroyer
     7 | D        | Noticed a bag of meat
     9 | D        | Noticed a meat berserker
    10 | D        | Noticed a meat berserker
    10 | D        | Killed a meat berserker
    10 | D        | Reached XP level 2. HP: 47/47 MP: 1/1
    10 | D        | Reached XP level 3. HP: 53/53 MP: 2/2
    10 | D        | Reached XP level 4. HP: 61/61 MP: 3/3
    10 | D        | Reached XP level 5. HP: 68/68 MP: 4/4
    10 | D        | Reached XP level 6. HP: 75/75 MP: 5/5
    10 | D        | Reached XP level 7. HP: 82/82 MP: 6/6
    10 | D        | Reached XP level 8. HP: 90/90 MP: 7/7
    10 | D        | Reached XP level 9. HP: 96/96 MP: 8/8
    10 | D        | Reached XP level 10. HP: 104/104 MP: 9/9
    10 | D        | Reached XP level 11. HP: 111/111 MP: 10/10
    10 | D        | Reached XP level 12. HP: 118/118 MP: 11/11
    10 | D        | Reached XP level 13. HP: 125/125 MP: 12/12
    11 | D        | Noticed a bag of meat
    12 | D        | Killed a meat berserker
    12 | D        | Reached * piety under Makhleb
    12 | D        | Reached skill level 27 in Axes
    12 | D        | Reached XP level 14. HP: 138/138 MP: 13/13
    12 | D        | Killed a bag of meat
    13 | D        | Noticed a meat berserker
    14 | D        | Killed a meat berserker
    14 | D        | Reached skill level 27 in Dodging
    14 | D        | Reached XP level 15. HP: 162/162 MP: 14/14
    16 | D        | Reached ** piety under Makhleb
    19 | D        | Noticed a meat berserker
    20 | D        | Noticed a meat berserker
    21 | D        | Noticed a meat berserker
    21 | D        | Noticed a meat berserker
    22 | D        | Killed a meat berserker
    22 | D        | Reached skill level 27 in Fighting
    22 | D        | Reached XP level 16. HP: 101/183 MP: 15/15
    24 | D        | Killed a meat berserker
    24 | D        | Reached skill level 27 in Throwing
    24 | D        | Reached XP level 17. HP: 109/191 MP: 16/16
    24 | D        | Reached *** piety under Makhleb
    24 | D        | Killed a meat berserker
    24 | D        | Reached skill level 27 in Armour
    26 | D        | Noticed a large bag of meat
    26 | D        | Killed a meat berserker
    26 | D        | Reached XP level 18. HP: 200/200 MP: 16/30
    27 | D        | Noticed a meat berserker
    28 | D        | Killed a large bag of meat
    28 | D        | Reached **** piety under Makhleb
    28 | D        | Reached skill level 15 in Invocations
    30 | D        | Noticed a meat berserker
    30 | D        | Noticed a large bag of meat
    30 | D        | Noticed a destroyer
    30 | D        | Noticed a destroyer
    31 | D        | Noticed a meat berserker
    31 | D        | Noticed a meat berserker
    31 | D        | Killed a meat berserker
    31 | D        | Reached XP level 19. HP: 207/207 MP: 16/35
    31 | D        | Killed a destroyer
    31 | D        | Reached skill level 15 in Spellcasting
    32 | D        | Killed a large bag of meat
    32 | D        | Reached ***** piety under Makhleb
    32 | D        | Reached XP level 20. HP: 216/216 MP: 17/40
    33 | D        | Noticed a large bag of meat
    33 | D        | Noticed The Servant
    34 | D        | Noticed a meat berserker
    35 | D        | Killed a destroyer
    35 | D        | Reached skill level 27 in Stealth
    36 | D        | Killed a meat berserker
    36 | D        | Reached XP level 21. HP: 224/224 MP: 17/42
    36 | D        | Reached skill level 27 in Unarmed Combat
    36 | D        | Reached skill level 27 in Invocations
    39 | D        | Reached ****** piety under Makhleb
    39 | D        | Reached skill level 27 in Spellcasting
    39 | D        | Reached XP level 22. HP: 233/233 MP: 18/52
    40 | D        | Killed a large bag of meat
    41 | D        | Noticed a destroyer
    45 | D        | Reached XP level 23. HP: 216/240 MP: 20/53
    47 | D        | Noticed a destroyer
    48 | D        | Killed The Servant
    48 | D        | Killed a destroyer
    48 | D        | Reached XP level 24. HP: 239/249 MP: 21/53
    53 | D        | Reached XP level 25. HP: 257/257 MP: 22/53
    53 | D        | Noticed a destroyer
    54 | D        | Noticed an accursed
    56 | D        | Killed a destroyer
    57 | D        | Noticed a destroyer
    58 | D        | Noticed a tyrant
    59 | D        | Noticed a large bag of meat
    60 | D        | Noticed a meat beast
    61 | D        | Noticed an accursed
    61 | D        | Killed a meat beast
    61 | D        | Reached XP level 26. HP: 266/266 MP: 24/53
    63 | D        | Noticed a tyrant
    63 | D        | Reached XP level 27. HP: 273/273 MP: 25/53
    65 | D        | Noticed a large bag of meat
    66 | D        | Noticed a dread
    66 | D        | Noticed a meat beast
    67 | D        | Noticed a tyrant
    67 | D        | Killed a tyrant
    68 | D        | Noticed a destroyer
    68 | D        | Killed a meat beast
    69 | D        | Noticed an accursed
    70 | D        | Killed a tyrant
    72 | D        | Noticed a destroyer
    73 | D        | Killed a large bag of meat
    73 | D        | Killed a large bag of meat
    74 | D        | Killed a dread
    76 | D        | Noticed a large bag of meat
    76 | D        | Noticed a meat beast
    76 | D        | Killed a destroyer
    76 | D        | Killed a tyrant
    78 | D        | Noticed an accursed
    78 | D        | Killed a destroyer
    78 | D        | Killed an accursed
    80 | D        | Noticed an accursed
    80 | D        | Killed a destroyer
    81 | D        | Noticed a meat beast
    81 | D        | Noticed a destroyer
    81 | D        | Noticed a meat beast
    82 | D        | Killed a meat beast
    82 | D        | Killed a meat beast
    83 | D        | Killed an accursed
    84 | D        | Killed a destroyer
    85 | D        | Noticed a dread
    85 | D        | Killed a large bag of meat
    85 | D        | Killed an accursed
    86 | D        | Noticed a destroyer
    86 | D        | Noticed a destroyer
    87 | D        | Noticed a dread
    87 | D        | Killed a meat beast
    87 | D        | Killed a destroyer
    88 | D        | Noticed a destroyer
    89 | D        | Noticed a destroyer
    89 | D        | Noticed a tyrant
    90 | D        | Noticed a large bag of meat
    90 | D        | Noticed a destroyer
    90 | D        | HP: 7/273 [sculptor of flesh/+9 great sword (266)]
    91 | D        | Noticed a meat beast
    91 | D        | Killed from afar by an observer

Skill      XL: |  1  2  3  4  5  6  7  8  9 10 11 12 13 14 15 16 17 18 19 20 21 |
---------------+----------------------------------------------------------------+-----
Fighting       | 14 16 22 27 | 27.0
Axes           | 23 27 | 27.0
Throwing       | 11 13 18 24 27 | 27.0
Dodging        | 21 24 27 | 27.0
Armour         | 8 17 27 | 27.0
Stealth        | 11 16 21 27 | 27.0
Unarmed Combat | 13 19 24 26 27 | 27.0
Spellcasting   | 9 13 17 18 27 | 27.0
Invocations    | 12 18 23 25 27 | 27.0

Action                   |  1- 3 |  4- 6 |  7- 9 | 10-12 | 13-15 | 16-18 | 19-21 | 22-24 | 25-27 || total
-------------------------+-------+-------+-------+-------+-------+-------+-------+-------+-------++-------
Melee: Executioner's axe |     1 |       |       |       |     4 |     4 |     5 |    11 |    28 ||    53
Armor: Leather armour    |       |       |       |       |       |       |       |       |     1 ||     1
Dodge: Dodged            |       |       |       |       |     1 |       |       |       |     6 ||     7
